 Dungeon Crawl Stone Soup version 0.25.1-2-g60ff931df9 (webtiles) character file.

Game seed: 2242286379808030738

112 DogServant the Ruffian (level 4, -28/40 HPs)
             Began as a Naga Transmuter on Oct 17, 2020.
             Engulfed by a cloud of flame (31 damage)
             ... on level 3 of the Dungeon.
             The game lasted 00:04:13 (2409 turns).

DogServant the Ruffian (Naga Transmuter)            Turns: 2409, Time: 00:04:14

Health: -28/40     AC:  4    Str: 19    XL:     4   Next: 95%
Magic:  7/7        EV: 10    Int: 13    God:
Gold:   47         SH:  0    Dex: 12    Spells: 6/7 levels left

rFire    . . .     SeeInvis +   r - +1 whip (venom)
rCold    . . .     Gourm    .   (no shield)
rNeg     . . .     Faith    .   b - +0 robe
rPois    +         Spirit   .   (no helmet)
rElec    .         Reflect  .   p - +0 cloak
rCorr    .         Harm     .   m - +0 pair of gloves
MR       .....                  (no barding)
Stlth    +.........             n - amulet of magic regeneration
HPRegen  0.13/turn              i - +6 ring of strength
MPRegen  0.35/turn              (no ring)

@: brilliant, flying, very slightly contaminated, very slow
A: large, see invisible, deformed body, poison resistance, slowness 2, slow
metabolism 1, spit poison 1, AC +1
a: Spit Poison


You were on level 3 of the Dungeon.
You were not hungry.

You visited 1 branch of the dungeon, and saw 4 of its levels.

You collected 47 gold pieces.

Inventory:

Hand Weapons
 l - a +0 short sword
 r - a +1 whip of venom (weapon)
Missiles
 a - 12 arrows
 f - 5 datura-tipped darts (quivered)
Armour
 b - a +0 robe (worn)
 m - a +0 pair of gloves (worn)
 p - a +0 cloak (worn)
Jewellery
 i - a +6 ring of strength (left hand)
 n - an amulet of magic regeneration (around neck)
Scrolls
 g - 2 scrolls of enchant weapon
 o - a scroll of amnesia {unknown}
 s - a scroll of teleportation {unknown}
Comestibles
 d - 5 rations
 q - 2 chunks of flesh


   Skills:
 + Level 2.7 Fighting
 - Level 1.5 Dodging
 + Level 3.9 Unarmed Combat
 - Level 2.0 Spellcasting
 + Level 3.2 Transmutations


You had 6 spell levels left.
You knew the following spells:

 Your Spells              Type           Power        Failure   Level  Hunger
a - Beastly Appendage     Tmut           ##....       7%          1    None

Your spell library contained the following spells:

 Spells                   Type           Power        Failure   Level  Hunger
 Sticks to Snakes         Tmut           ##......     11%         2    None
 Spider Form              Tmut/Pois      #.........   36%         3    None
 Ice Form                 Ice/Tmut       #.......     78%         4    None
 Blade Hands              Tmut           ##........   88%         5    None


Dungeon Overview and Level Annotations

Branches:
Dungeon (4/15)
 Temple: D:4-7

Altars:
Makhleb
Xom

Annotations:
D:3 Sigmund


Innate Abilities, Weirdness & Mutations

You cannot wear boots.
Your serpentine skin is tough. (AC +1)
You have supernaturally acute eyesight. (SInv)
Armour fits poorly on your strangely shaped body.
Your system is resistant to poisons. (rPois)
You cover ground very slowly.
You have a slow metabolism.
You can spit poison.


Message History

The jackal bites you but does no damage.
It was a potion of brilliance.
You feel clever all of a sudden. The jackal misses you.
The jackal bites you but does no damage.
You hit the jackal.
Flame seeps out of the jackal.
The jackal is severely wounded.
The jackal is engulfed in blazing flames.
The jackal explodes!
The fiery explosion engulfs the jackal!!
The jackal explodes!
The fiery explosion engulfs you!!
Ouch! That really hurt!
The fiery explosion engulfs you!
* * * LOW HITPOINT WARNING * * *
You aren't carrying any potions.
Okay, then.
You are engulfed in blazing flames.
Ouch! That really hurt!
You die...

#..........).###......##
#..........>.# #.####...
#............# #....###.
#............# #..#...##
#............# ##.#....#
#............# #.##....
#.....(......# #..##...
.. ##### #######.######
##..##..
...#...#########@#
#..###
......@h.....@ยงยงยง#
#.... ...#...###########
####. #...# ### #...#
.... #.... #### #.### #.
..


You could see Sigmund (inner flame, invisible).

Vanquished Creatures
  A crimson imp (D:3)
  3 adders (D:3)
  A leopard gecko (D:3)
  6 orcs (D:3)
  3 giant cockroaches (D:1)
  5 hobgoblins
  2 jackals (D:3)
  A quokka (D:3)
  4 bats
  A frilled lizard (D:3)
  3 goblins (D:1)
  7 kobolds (D:1)
  11 rats
48 creatures vanquished.

Notes
Turn   | Place    | Note
-------+----------+-------------------------------------------
     0 | D:1      | DogServant the Naga Transmuter began the quest for the Orb.
     0 | D:1      | Reached XP level 1. HP: 18/18 MP: 3/3
   404 | D:1      | Reached XP level 2. HP: 15/25 MP: 3/5
  1244 | D:1      | Reached XP level 3. HP: 32/32 MP: 6/6
  1420 | D:2      | You fall into a shaft and drop 2 floors!
  1999 | D:3      | Reached XP level 4. HP: 36/39 MP: 7/7
  2297 | D:3      | Found a burning altar of Makhleb.
  2298 | D:3      | Found a shimmering altar of Xom.
  2395 | D:3      | Noticed Sigmund
  2409 | D:3      | Engulfed by a cloud of flame

Illustrated notes

Levels and vault maps discovered:
D:1:      evilmike_arrival_rings, layout_loops_ring, hangedman_feature_mirror,
          due_unseen_surprise
D:2:      layout_basic, first_ration, kennysheep_okawaru_gauntlet, uniq_terence
D:3:      minmay_evil_eye, layout_basic,
          grunt_temple_overflow_champion_of_chaos,
          nicolae_overflow_crystal_walls, chequers_temple_overflow_minitemple,
          uniq_sigmund
D:4:      layout_cave_pods

Skill      XL: |  1  2  3  4 |
---------------+-------------+-----
Fighting       | 2 |  2.7
Transmutations | 3 |  3.2
Dodging        | |  1.5
Unarmed Combat | |  3.9
Spellcasting   | |  2.0

Action                   |  1- 3 |  4- 6 || total
-------------------------+-------+-------++-------
Melee: Unarmed           |    23 |       ||    23
       Headbutt          |     5 |       ||     5
       Short sword       |    70 |     7 ||    77
       Whip              |       |    23 ||    23
       Punch             |       |     1 ||     1
 Cast: Beastly Appendage |    10 |       ||    10
 Abil: Spit Poison       |    13 |     3 ||    16
  Use: Potion            |     1 |     3 ||     4
       Scroll            |       |     4 ||     4
 Stab: Sleeping          |     1 |       ||     1
  Eat: Ration            |     1 |       ||     1
       Chunk             |     1 |       ||     1
Armor: Robe              |    26 |     8 ||    34
       Skin              |    16 |       ||    16
Dodge: Dodged            |    59 |    14 ||    73
